 Dungeon Crawl Stone Soup version 0.29-a0-284-gf9362112df (webtiles) character file.

Game seed: 7100417303815268723

26 sammy202020 the Skirmisher (level 2, 0/27 HPs)
             Began as a Minotaur Berserker on Mar 18, 2022.
             Was a Follower of Trog.
             Slain by a ball python (2 damage)
             ... on level 1 of the Dungeon.
             The game lasted 00:00:37 (228 turns).

sammy202020 the Skirmisher (Minotaur Berserker)      Turns: 228, Time: 00:00:38

Health: 0/27       AC:  2    Str: 21    XL:     2   Next: 89%
Magic:  1/1        EV: 12    Int:  4    God:    Trog [*.....]
Gold:   33         SH:  0    Dex:  9    Spells: 1/1 levels left

rFire   . . .      SeeInvis .   a - +0 hand axe
rCold   . . .      Faith    .   (no shield)
rNeg    . . .      Spirit   .   b - +0 animal skin
rPois   .          Reflect  .   (helmet restricted)
rElec   .          Harm     .   (no cloak)
rCorr   .          Rampage  .   (no gloves)
Will    .....                   (no boots)
Stlth   +.........              (no amulet)
HPRegen 0.09/turn               (no ring)
MPRegen 0.07/turn               (no ring)

@: on berserk cooldown, slowed, very slow
A: horns 2, retaliatory headbutt
a: Renounce Religion, Berserk


You were on level 1 of the Dungeon.
You worshipped Trog.
Trog was aware of your devotion.
You visited 1 branch of the dungeon, and saw 1 of its levels.

You collected 33 gold pieces.

Inventory:

Hand Weapons
 a - a +0 hand axe (weapon)
Armour
 b - a +0 animal skin (worn)
Scrolls
 d - a scroll of immolation {unknown}
Potions
 c - a potion of lignification {unknown}
 e - a potion of ambrosia {unknown}


   Skills:
 * Level 4.1 Fighting
 * Level 4.1 Axes
 * Level 3.0 Armour
 + Level 2.4 Dodging


You had one spell level left.
You didn't know any spells.
Your spell library was empty.

Dungeon Overview and Level Annotations

Branches:
Dungeon (1/15)

Altars:

Annotations:
D:1 2 transporters


Innate Abilities, Weirdness & Mutations

You have a pair of horns on your head.
You reflexively headbutt those who attack you in melee.


Message History

The dart slug briefly extends its eye-stalks.
The dart slug bites you.
* * * LOW HITPOINT WARNING * * *
You hit the dart slug.
The dart slug is almost dead.
You completely miss the ball python. The ball python bites you.
* * * LOW HITPOINT WARNING * * *
The ball python constricts you. The ball python bites you.
* * * LOW HITPOINT WARNING * * *
The ball python constricts you.
A red film seems to cover your vision as you go berserk!
You feel yourself moving faster!
You feel mighty! The dart slug launches a dart at you.
The slug dart misses you. The ball python closely misses you.
The ball python constricts you.
You slash the ball python!
You kill the ball python!
Trog accepts your kill.
You hit the dart slug.
You kill the dart slug!
Trog accepts your kill.
Calm down first, please.
You start resting.
You feel a strong urge to attack something.
You start resting.
You feel your anger nearly subside.
You start resting.
You are no longer berserk.
You are exhausted.
You feel yourself slow down.
A ball python comes into view.
You are too injured to fight recklessly!
You are too injured to fight recklessly!
You see here a rat corpse.
Found 4 javelins.
The ball python hisses angrily.
You completely miss the ball python. You headbutt the ball python.
The ball python is severely wounded.
The ball python bites you.
You die...

....≈≈.©<©.≈≈ ..
#...........≈≈≈...≈≈≈
....#...........≈≈≈≈.≈≈≈≈
.....(#...........≈≈≈.≈≈≈≈≈
..................≈≈≈≈.≈≈≈≈
......#............≈≈≈≈.≈≈≈
.........................##
....##...............#....
####......@S.....###..#....
........†........# #....##.
.>.#.##..........# ###.....
#.....[..........# #..###
................## #..##
##...............# #...#
..^..............# #...#
#####............# ###.#.#
##...........###...#.##


You could see a ball python.

Vanquished Creatures
  A gnoll (D:1)
  A dart slug (D:1)
  An endoplasm (D:1)
  A hobgoblin (D:1)
  2 kobolds (D:1)
  2 quokkas (D:1)
  2 ball pythons (D:1)
  A bat (D:1)
  2 frilled lizards (D:1)
  2 rats (D:1)
15 creatures vanquished.

Notes
Turn   | Place    | Note
-------+----------+-------------------------------------------
     0 | D:1      | sammy202020 the Minotaur Berserker began the quest for the
                  | Orb.
     0 | D:1      | Reached XP level 1. HP: 19/19 MP: 0/0
    44 | D:1      | Reached XP level 2. HP: 18/27 MP: 1/1
   215 | D:1      | HP: 1/27 [ball python (2)]
   228 | D:1      | Slain by a ball python

Illustrated notes

Levels and vault maps discovered:
D:1:      spicycebolla_arrival_teleporter_tutorial, layout_rooms

Skill      XL: |  1  2 |
---------------+-------+-----
Axes           | 4 |  4.1
Fighting       | 4 |  4.1
Armour         | 3 |  3.0
Dodging        | |  2.4

Action                   || total
-------------------------++-------
Melee: Hand axe          ||    23
       Headbutt          ||     3
Invok: Berserk           ||     1
Armor: Animal skin       ||     2
Dodge: Dodged            ||    24

Table legend: (Time is in decaauts)
 A = Elapsed time spent in this place.
 B = Non-inter-level travel time spent in this place.
 C = Inter-level travel time spent in this place.
 D = Time resting spent in this place.
 E = Time spent auto-exploring this place.
 F = Levels seen in this place.
 G = Mean time per level.
                   A        B        C        D        E       F      G
               +--------+--------+--------+--------+--------+-----+--------+
         Total |    230 |    230 |      0 |      2 |    165 |   1 |  230.0 |
       Dungeon |    230 |    230 |      0 |      2 |    165 |   1 |  230.0 |
               +--------+--------+--------+--------+--------+-----+--------+

Top non-repeatable levels by time:
     D:1: 230 daAuts
